 Dungeon Crawl Stone Soup version 0.28.0-43-g3370ac3207 (webtiles) character file.

Game seed: 18215903178743056168

3778 Woods the Geomancer (level 10, 0/59 HPs)
             Began as a Gargoyle Earth Elementalist on Mar 20, 2022.
             Was an Initiate of Yredelemnul.
             Slain by a yak (3 damage)
             ... on level 7 of the Dungeon.
             The game lasted 00:19:05 (12611 turns).

Woods the Geomancer (Gargoyle Earth Elementalist)  Turns: 12611, Time: 00:19:06

Health: 0/59       AC:  9    Str: 12    XL:     10   Next: 16%
Magic:  4/21       EV: 13    Int: 20    God:    Yredelemnul [......]
Gold:   263        SH:  0    Dex: 10    Spells: 9/23 levels left

rFire   . . .      SeeInvis .   (no weapon)
rCold   . . .      Faith    .   (no shield)
rNeg    + . .      Spirit   .   b - +0 robe
rPois   ∞          Reflect  .   (no helmet)
rElec   +          Harm     .   (no cloak)
rCorr   .          Rampage  .   (no gloves)
Will    .....                   (no boots)
Stlth   +++.......              (no amulet)
HPRegen 0.19/turn               l - +4 ring of slaying
MPRegen 0.17/turn               (no ring)

@: no status effects
A: sickness immunity, AC +7, negative energy resistance 1, electricity
resistance, torment resistance 1, petrification resistance
a: Renounce Religion, Recall Undead Harvest


You were on level 7 of the Dungeon.
You worshipped Yredelemnul.
Yredelemnul was noncommittal.
You visited 2 branches of the dungeon, and saw 9 of its levels.

You collected 400 gold pieces.
You spent 137 gold pieces at shops.

Inventory:

Missiles
 c - 179 stones
 m - 3 throwing nets
 w - 2 silver boomerangs
Armour
 b - a +0 robe (worn)
 d - a +1 kite shield of poison resistance
Jewellery
 l - a +4 ring of slaying (left hand)
 s - a ring of ice
Wands
 o - a wand of polymorph (9)
 r - a wand of flame (15)
 x - a wand of paralysis (17)
 A - a wand of iceblast (7)
Scrolls
 a - a scroll of fear {unknown}
 f - 5 scrolls of teleportation {unknown}
 k - a scroll of immolation {unknown}
 p - 4 scrolls of identify {unknown}
 v - 3 scrolls of enchant armour {unknown}
 y - 2 scrolls of fog {unknown}
 z - a scroll of blinking {unknown}
 B - a scroll of torment {unknown}
Potions
 e - a potion of flight {unknown}
 g - 6 potions of curing
 h - 3 potions of berserk rage {unknown}
 i - a potion of magic {unknown}
 j - a potion of brilliance {unknown}
 n - 3 potions of attraction
 q - 3 potions of invisibility {unknown}
 t - a potion of heal wounds
 u - a potion of might {unknown}


   Skills:
 - Level 5.0 Fighting
 - Level 5.0 Dodging
 - Level 5.0 Stealth
 + Level 7.3 Spellcasting
 - Level 5.0 Conjurations
 - Level 2.0 Transmutations
 - Level 8.0 Earth Magic
 + Level 3.5 Invocations


You had 9 spell levels left.
You knew the following spells:

 Your Spells              Type           Power      Damage    Failure   Level
a - Sandblast             Erth           78%        2d17      1%          1
b - Passwall              Tmut/Erth      22%        N/A       1%          2
c - Stone Arrow           Conj/Erth      66%        3d11      1%          3
d - Petrify               Tmut/Erth      27%        N/A       12%         4
e - Leda's Liquefaction   Hex/Erth       11%        N/A       17%         4

Your spell library contained the following spells:

 Spells                   Type           Power      Damage    Failure   Level
 Call Canine Familiar     Summ           7%         N/A       26%         3
 Portal Projectile        Hex/Tloc       14%        N/A       26%         3


Dungeon Overview and Level Annotations

Branches:
Dungeon (8/15)             Temple (1/1) D:7
   Lair: D:8-11

Altars:
Ashenzari
Cheibriados
Dithmenos
Elyvilon
Fedhas
Gozag
Hepliaklqana
Kikubaaqudgha
Makhleb
Nemelex Xobeh
Okawaru
Qazlal
Ru
Sif Muna
Trog
Uskayaw
Vehumet
Wu Jian
Xom
Yredelemnul
Zin
The Shining One
Beogh

Shops:
D:2 ![   D:4 *!

Annotations:
D:8 3 runed translucent doors, mortz's ghost, novice GnCA


Innate Abilities, Weirdness & Mutations

You are immune to sickness and miasma.
Your stone body is resilient. (AC +7)
You are immune to poison.
You resist negative energy. (rN+)
You are resistant to electric shocks. (rElec)
You are resistant to unholy torment.
You are immune to petrification.


Message History

Confirm with . or Enter, or press ? or * to list all spells.
Aiming: Passwall (safe; 1% risk of failure)
Press: ? - help, Dir - move target A rock wall.
The wyvern bites you but does no damage.
The yak gores you!
You begin to meditate on the wall.
You continue meditating on the rock.
The wyvern bites you. The wyvern barely misses you.
The yak gores you but does no damage.
You continue meditating on the rock.
The wyvern bites you!
* * * LOW HITPOINT WARNING * * *
The yak gores you but does no damage.
You continue meditating on the rock.
The wyvern bites you!
* * * LOW HITPOINT WARNING * * *
The wyvern bites you but does no damage.
The yak completely misses you.
You finish merging with the rock.
The yak barely misses you. The yak misses you.
Things that are here:
a +0 giant spiked club; a +0 giant club
There is a stone staircase leading up here.
The yak gores you but does no damage.
You climb upwards.
There is a stone staircase leading down here.
Casting: Passwall (safe; 1% risk of failure)
Confirm with . or Enter, or press ? or * to list all spells.
Aiming: Passwall (safe; 1% risk of failure)
Press: ? - help, Dir - move target A rock wall.
The yak barely misses you.
You begin to meditate on the wall.
You continue meditating on the rock.
The yak gores you.
* * * LOW HITPOINT WARNING * * *
You continue meditating on the rock.
The yak gores you.
You die...
Your body rises from the dead as a mindless zombie.

...........# #.#.#
#.# ..##...##..#
#.#.# #.#
..##...##..#
#.#.#########.#
...........#
#..>..........#
....####...#
##..############ #
##### #####
#..#..........# #
##.#.########.# #
#Y#.#......#.# #
#@#.#^###....#####
###.#.............
#.##############
#...............
################


You could see a yak.

Vanquished Creatures
  A two-headed ogre (D:8)
  2 centaur zombies (D:8)
  A wyvern (D:8)
  2 yaks (D:8)
  A basilisk (D:8)
  2 steam dragons
  2 water moccasins (D:8)
  A black bear (D:6)
  A sky beast (D:6)
  An orc warrior (D:6)
  An ice beast (D:6)
  A necrophage (D:5)
  2 ogres
  2 centaurs
  3 bullfrogs
  4 wights (D:7)
  A howler monkey (D:7)
  A bullfrog zombie (D:6)
  3 hounds
  2 orc priests
  A centaur skeleton (D:5)
  Ijyb (D:3)
  Natasha (thrice) (D:2)
  2 iguanas (D:4)
  3 orc wizards
  2 hound skeletons
  A howler monkey zombie (D:7)
  4 adders
  A white imp (D:7)
  An ufetubus (D:5)
  3 worms
  3 dart slugs
  18 orcs
  8 bats
  5 endoplasms
  2 giant cockroaches
  6 hobgoblins
  2 jackals (D:3)
  2 quokkas
  12 ball pythons
  4 frilled lizards
  11 goblins
  8 kobolds
  6 rats
143 creatures vanquished.

Vanquished Creatures (others)
  2 yak zombies (D:8)
  A basilisk zombie (D:8)
  An orc zombie (D:8)
  4 bushes (D:8)
  13 fungi
  26 plants
  5 toadstools (D:3)
52 creatures vanquished.

Grand Total: 195 creatures vanquished

Notes
Turn   | Place    | Note
-------+----------+-------------------------------------------
     0 | D:1      | Woods the Gargoyle Earth Elementalist began the quest for
                  | the Orb.
     0 | D:1      | Reached XP level 1. HP: 10/10 MP: 3/3
   245 | D:1      | Reached skill level 1 in Transmutations
   245 | D:1      | Reached XP level 2. HP: 15/15 MP: 3/5
   478 | D:1      | Learned a level 2 spell: Passwall
   805 | D:1      | Reached skill level 4 in Earth Magic
   837 | D:1      | Found a faded altar of an unknown god.
  1109 | D:1      | Reached XP level 3. HP: 9/19 MP: 0/6
  1113 | D:1      | Learned a level 3 spell: Stone Arrow
  1804 | D:1      | Found a shimmering blue altar of Sif Muna.
  2401 | D:2      | Found Rowiarre's Distillery.
  2417 | D:2      | Found a radiant altar of Vehumet.
  2710 | D:2      | Bought a potion of curing for 33 gold pieces
  2731 | D:2      | Noticed Natasha
  2732 | D:2      | Found Feunaph's Antique Armour Shop.
  2734 | D:2      | Killed Natasha
  2735 | D:2      | Reached XP level 4. HP: 24/24 MP: 4/8
  3181 | D:2      | Noticed Natasha
  3184 | D:2      | Killed Natasha
  3310 | D:2      | Noticed Natasha
  3314 | D:2      | Killed Natasha
  3315 | D:2      | Reached XP level 5. HP: 28/28 MP: 7/9
  4232 | D:3      | Found a sacrificial altar of Ru.
  4253 | D:3      | Reached skill level 5 in Earth Magic
  4475 | D:3      | Learned a level 4 spell: Petrify
  4481 | D:3      | Noticed Ijyb
  4543 | D:3      | Killed Ijyb
  4949 | D:4      | Found Abotar's Distillery.
  4962 | D:4      | Bought a potion of heal wounds for 65 gold pieces
  4962 | D:4      | Bought a potion of attraction for 39 gold pieces
  5068 | D:4      | Reached XP level 6. HP: 32/32 MP: 9/11
  5341 | D:4      | Reached skill level 1 in Conjurations
  5919 | D:4      | Found Qoujargho's General Store.
  6205 | D:5      | Entered Level 5 of the Dungeon
  6254 | D:5      | Reached skill level 6 in Earth Magic
  6254 | D:5      | Reached XP level 7. HP: 18/36 MP: 5/13
  6842 | D:5      | Reached skill level 5 in Spellcasting
  7301 | D:5      | Reached skill level 5 in Stealth
  7301 | D:5      | Reached XP level 8. HP: 37/41 MP: 5/16
  7791 | D:6      | Reached skill level 1 in Fighting
 10075 | D:7      | Found a staircase to the Ecumenical Temple.
 10125 | Temple   | Entered the Ecumenical Temple
 10552 | Temple   | Became a worshipper of Yredelemnul the Dark
 10603 | D:7      | Reached XP level 9. HP: 51/51 MP: 11/18
 11452 | D:8      | Reached skill level 1 in Invocations
 11550 | D:8      | Learned a level 4 spell: Leda's Liquefaction
 11582 | D:8      | Reached * piety under Yredelemnul
 11583 | D:8      | Reached skill level 7 in Earth Magic
 11863 | D:8      | Reached skill level 5 in Fighting
 11984 | D:8      | Noticed a two-headed ogre
 11996 | D:8      | Killed a two-headed ogre
 11997 | D:8      | Reached skill level 5 in Dodging
 11997 | D:8      | Reached skill level 5 in Conjurations
 11997 | D:8      | Reached XP level 10. HP: 59/59 MP: 5/20
 12407 | D:8      | Found a runed translucent gate.
 12408 | D:8      | Found a runed translucent gate.
 12409 | D:8      | Found a runed translucent gate.
 12411 | D:8      | Noticed mortz's ghost (novice GnCA)
 12541 | D:8      | Reached skill level 8 in Earth Magic
 12579 | D:8      | HP: 1/59 [wyvern (16)]
 12611 | D:7      | Slain by a yak

Illustrated notes

Levels and vault maps discovered:
D:1:      dpeg_arrival_water_altar, layout_rooms,
          shapermc_ecumenical_altar_mp_ritualfount, nrook_mini_backslash
D:2:      layout_loops_ring, basic_altar, serial_shops, shop, shop, uniq_natasha
D:3:      kennysheep_the_goblin_king, layout_basic,
          nicolae_ru_great_annihilating_truth, minmay_gold_behind_fungi
D:4:      layout_loops_corners, serial_shops, shop, nicolae_shop_hallway_stairs
D:5:      layout_basic
D:6:      layout_layer_cave, minmay_statues_item
D:7:      layout_basic, minmay_temple_entry_stoned_glass,
          nicolae_concentric_dashed_squares_mild
D:8:      layout_loops_ring, minmay_lair_entry_grove, biasface_ghost_orc_armoury
Temple:   mainiacjoe_temple_trianglar_array

Skill      XL: |  1  2  3  4  5  6  7  8  9 10 |
---------------+-------------------------------+-----
Transmutations | 1 2 |  2.0
Earth Magic    | 4 5 6 7 8 |  8.0
Spellcasting   | 3 4 5 6 7 |  7.3
Stealth        | 3 4 5 |  5.0
Conjurations   | 1 3 5 |  5.0
Fighting       | 3 5 |  5.0
Dodging        | 3 5 |  5.0
Invocations    | 2 3 |  3.5

Action                   |  1- 3 |  4- 6 |  7- 9 | 10-12 || total
-------------------------+-------+-------+-------+-------++-------
Melee: Unarmed           |   122 |    66 |    12 |     5 ||   205
       Punch             |     2 |     2 |       |     1 ||     5
 Cast: Sandblast         |    34 |    53 |    25 |     2 ||   114
       Stone Arrow       |     4 |    27 |    90 |    12 ||   133
       Passwall          |       |       |     5 |     3 ||     8
       Petrify           |       |       |     1 |       ||     1
       Leda's Liquefacti |       |       |       |     1 ||     1
Invok: Recall Undead Har |       |       |     1 |     1 ||     2
  Use: Potion            |       |     1 |       |       ||     1
 Stab: Sleeping          |     3 |       |       |       ||     3
Armor: Robe              |    60 |    44 |    28 |    13 ||   145
       Skin              |       |     1 |       |       ||     1
Dodge: Dodged            |   113 |    63 |    30 |    24 ||   230
